Map: Port Aleksander LE

Players

PartinG - Winner!

  • Race: Protoss Protoss
  • League: Master
  • Spawn Location: 5:00

llllllllllll (Trap)

  • Race: Protoss Protoss
  • League: Master
  • Spawn Location: 11:00

Event: IEM Season 13 - Katowice Server Qualifiers Asia 2

VOD

Have the link to the VOD?

Description

Time

  • Played on: Jan. 22, 2019, 5:08 a.m.
  • Length: 14:25

All games in this series

Show
View Real Time Build Order
Export as new Build Order

PartinG Protoss - Winner!

Build Orders:  

Get SALT Encoding   

  12  0:00  Probe  
  13  0:12  Probe  
  14  0:19  Pylon  
  14  0:24  Probe  
  15  0:33  Probe  
  15  0:38  Gateway  
  15  0:41  Probe  
  16  0:47  Assimilator  
  17  0:51  Probe  
  17  0:56  Assimilator  
  18  0:59  Probe  
  19  1:08  Probe  
  19  1:09  Gateway  
  20  1:19  Probe  
  21  1:26  Cybernetics Core  
  21  1:31  Probe  
  22  1:37  Pylon  
  22  1:44  Probe  
  23  1:52  Warp Gate  
  23  1:56  Probe  
  24  2:02  Sentry, Stalker  
  24  2:07  Pylon  
  28  2:29  Sentry  
  29  2:41  Sentry  
  29  2:42  Nexus  
  31  2:48  Shield Battery  
  31  2:50  Probe  
  32  3:00  Shield Battery  
  32  3:05  Probe  
  33  3:16  Stalker  
  33  3:17  Probe  
  33  3:19  Pylon  
  36  3:27  Stargate  
  36  3:28  Shield Battery  
  36  3:41  Probe  
  35  3:52  Shield Battery  
  35  3:53  Probe  
  35  3:54  Twilight Council  
  36  3:56  Stalker x2  
  38  4:04  Probe  
  38  4:06  Probe  
  40  4:10  Blink  
  40  4:17  Probe  
  41  4:18  Probe  
  41  4:22  Shield Battery  
  41  4:25  Stalker x2  
  41  4:27  Probe  
  41  4:29  Probe  
  44  4:35  Probe  
  44  4:37  Probe  
  45  4:44  Probe  
  47  4:47  Probe  
  47  4:56  Probe  
  46  5:00  Probe  
  46  5:02  Pylon  
  46  5:05  Forge  
  46  5:06  Gateway  
  47  5:08  Probe  
  47  5:12  Probe  
  49  5:18  Stalker  
  49  5:20  Stalker  
  53  5:24  Protoss Ground Weapons Level 1  
  53  5:27  Pylon  
  53  5:35  Nexus  
  51  5:44  Probe x2  
  51  5:49  Stalker  
  53  5:53  Stalker  
  53  5:56  Probe x2  
  57  6:02  Stalker  
  57  6:03  Charge  
  59  6:10  Probe  
  58  6:13  Stalker  
  58  6:15  Probe  
  61  6:22  Gateway, Probe  
  61  6:23  Gateway  
  62  6:27  Gateway  
  62  6:29  Probe  
  63  6:34  Probe  
  63  6:37  Gateway  
  64  6:42  Gateway  
  64  6:44  Templar Archives  
  64  6:46  Protoss Ground Weapons Level 2  
  64  6:47  Assimilator  
  64  6:52  Probe x2, Assimilator  
  64  6:53  Probe  
  67  7:02  Robotics Facility  
  67  7:06  Probe  
  68  7:12  Sentry  
  68  7:13  Zealot x2  
  74  7:15  Probe  
  74  7:18  Probe  
  75  7:25  Probe  
  75  7:28  Probe  
  77  7:30  Probe  
  77  7:34  Zealot x3  
  84  7:39  Photon Cannon  
  84  7:42  Pylon  
  84  7:45  Zealot x2  
  84  7:50  Observer, Zealot  
  91  7:53  Zealot  
  91  7:56  Pylon  
  93  7:59  Pylon  
  93  8:05  High Templar x2  
  97  8:06  Zealot x2  
  97  8:09  Pylon  
  97  8:10  Warp Prism, Archon  
  99  8:21  Probe  
  99  8:22  Probe  
  99  8:23  Probe  
  102  8:30  Zealot x3  
  102  8:33  High Templar x2  
  112  8:35  Zealot  
  112  8:38  Archon  
  112  8:40  Zealot  
  112  8:41  Zealot  
  118  8:44  Pylon  
  118  8:52  Zealot x3  
  124  9:09  High Templar x2, Zealot x2  
  132  9:13  Archon  
  132  9:18  Probe  
  132  9:20  Pylon  
  132  9:21  Pylon  
  131  9:34  Zealot x3  
  133  9:40  Zealot x3  
  89  9:58  Zealot x2  
  89  9:59  Zealot x3  
  85  10:02  Zealot x2  
  85  10:06  Zealot  
  64  10:20  High Templar x2  
  64  10:21  High Templar x2  
  68  10:27  Archon x2, High Templar x2, Zealot x2  
  78  10:31  Archon  
  78  10:38  Probe x2  
  78  10:40  Assimilator  
  78  10:41  Assimilator  
  80  10:45  Zealot x2  
  80  10:47  Shield Battery  
  84  10:51  High Templar x2, Zealot x2  
  84  10:53  Zealot  
  84  10:54  Zealot  
  84  10:55  Archon  
  96  10:58  Nexus  
  96  11:03  Protoss Ground Weapons Level 3, Pylon  
  96  11:04  Pylon  
  96  11:06  Zealot x2  
  96  11:10  Probe x3  
  103  11:12  Pylon  
  103  11:15  Pylon  
  103  11:17  High Templar x2  
  103  11:18  Zealot x2  
  109  11:23  Archon  
  109  11:25  Immortal  
  111  11:27  Zealot x4  
  123  11:49  Zealot x5  
  123  11:50  Sentry  
  135  11:54  Probe x2  
  135  11:55  Probe  
  136  12:04  Observer  
  137  12:19  Zealot x6  
  137  12:20  Zealot x2  
  153  12:29  Immortal  
  141  12:41  High Templar x4  
  135  12:49  Archon x2  
  135  12:50  High Templar x2, Zealot x2  
  141  12:55  Archon  
  141  12:57  Probe x2  
  141  12:58  Probe x2  
  139  13:09  Probe  
  139  13:11  High Templar x2  
  138  13:14  Zealot x4  
  138  13:15  Archon  
  138  13:17  Shield Battery  
  138  13:18  Shield Battery  
  146  13:20  Photon Cannon, Shield Battery  
  146  13:22  Photon Cannon  
  146  13:23  Zealot  
  146  13:24  Photon Cannon  
  146  13:25  Zealot  
  150  13:29  Immortal  
  150  13:35  High Templar x2  
  150  13:36  Zealot x2  
  150  13:40  Archon  
  162  13:44  Zealot x3  
  168  13:53  Zealot  
  170  13:58  High Templar x2  
  170  14:01  Pylon x2  
  170  14:02  Archon  
  172  14:07  Zealot x3  
  169  14:13  Zealot x2  
  140  14:20  Zealot  
Show
View Real Time Build Order
Export as new Build Order

llllllllllll Protoss 

Build Orders: Phoenix Opening, Archon Immortal 

Get SALT Encoding   

  12  0:00  Probe  
  13  0:12  Probe  
  14  0:18  Pylon  
  14  0:24  Probe  
  15  0:32  Probe  
  15  0:38  Gateway  
  15  0:40  Probe  
  17  0:51  Probe  
  17  0:54  Assimilator  
  18  0:58  Assimilator  
  18  0:59  Probe  
  19  1:07  Probe  
  19  1:11  Gateway  
  19  1:17  Probe  
  20  1:25  Cybernetics Core  
  21  1:30  Probe  
  22  1:34  Pylon  
  22  1:42  Probe  
  25  2:01  Adept x2  
  25  2:02  Warp Gate  
  27  2:13  Pylon  
  27  2:28  Adept x2  
  31  2:31  Stargate  
  31  2:47  Shield Battery  
  31  2:55  Adept x2  
  35  3:07  Phoenix  
  37  3:21  Nexus  
  37  3:30  Pylon  
  37  3:39  Phoenix  
  37  3:47  Probe  
  36  3:58  Phoenix  
  36  4:00  Probe  
  35  4:12  Probe  
  36  4:17  Phoenix  
  36  4:24  Probe  
  39  4:34  Phoenix  
  39  4:36  Probe  
  39  4:38  Probe  
  38  4:41  Forge  
  41  4:46  Probe  
  41  4:48  Probe  
  43  4:56  Probe  
  42  5:00  Probe  
  42  5:06  Protoss Ground Weapons Level 1  
  43  5:08  Probe  
  43  5:09  Robotics Facility  
  43  5:10  Sentry  
  43  5:12  Probe  
  47  5:16  Probe  
  48  5:23  Shield Battery  
  48  5:24  Probe x2  
  50  5:28  Sentry  
  50  5:33  Pylon  
  50  5:34  Probe  
  52  5:36  Probe  
  54  5:46  Probe, Immortal  
  54  5:47  Assimilator  
  54  5:48  Probe, Assimilator  
  60  6:02  Probe x2, Twilight Council  
  62  6:15  Probe x2  
  64  6:18  Pylon  
  64  6:25  Immortal, Pylon  
  68  6:26  Protoss Ground Weapons Level 2  
  68  6:35  Gateway  
  68  6:38  Gateway  
  68  6:41  Templar Archives  
  68  6:50  Charge  
  68  7:03  Nexus  
  68  7:10  Immortal  
  68  7:11  Probe  
  73  7:21  Gateway  
  73  7:24  Gateway  
  73  7:30  Gateway  
  73  7:32  Gateway  
  73  7:34  Pylon  
  73  7:38  High Templar x2  
  73  7:42  Archon, Zealot  
  73  7:44  Zealot  
  81  7:50  Observer  
  82  7:52  Pylon  
  82  7:55  Probe x2  
  84  8:09  Pylon  
  84  8:11  Pylon  
  84  8:12  Warp Prism, High Templar x2  
  86  8:13  Zealot x2  
  92  8:24  Probe  
  92  8:25  Probe x2  
  95  8:29  Archon  
  95  8:33  Zealot x3  
  101  8:39  High Templar  
  101  8:40  High Templar, Zealot  
  107  8:43  Archon, Pylon  
  106  8:57  Zealot x4  
  114  9:07  High Templar x2  
  118  9:11  Archon  
  118  9:13  Gateway, Zealot x2  
  118  9:15  Gateway  
  118  9:16  Shield Battery  
  121  9:19  Observer  
  122  9:25  Zealot x3  
  126  9:33  Zealot  
  126  9:37  Zealot x2  
  98  9:49  Zealot x5  
  94  9:53  Immortal  
  94  9:58  Protoss Ground Weapons Level 3  
  94  9:59  Zealot x2  
  90  10:01  Zealot  
  84  10:10  Zealot x3  
  84  10:15  Phoenix  
  84  10:18  Probe  
  86  10:22  Probe x2, Assimilator  
  86  10:23  Assimilator  
  86  10:26  Probe  
  89  10:34  Probe x2  
  92  10:37  Probe  
  92  10:42  Sentry x2  
  95  10:46  Probe x2  
  95  10:49  High Templar x2  
  103  10:50  Zealot x3  
  103  10:54  Immortal  
  109  11:02  Archon  
  113  11:04  Pylon  
  113  11:07  High Templar x2, Zealot  
  119  11:12  Archon  
  119  11:17  Nexus  
  119  11:20  Pylon  
  119  11:21  Immortal  
  119  11:33  High Templar  
  119  11:34  High Templar, Zealot x2  
  119  11:38  Archon  
  131  11:40  Zealot x2  
  131  11:46  Pylon  
  135  11:49  High Templar x2, Pylon  
  135  11:50  Immortal  
  138  11:55  Archon  
  142  12:01  Pylon  
  142  12:02  Pylon  
  142  12:07  Zealot x3  
  148  12:11  Zealot  
  148  12:12  Zealot  
  152  12:18  High Templar x2  
  152  12:19  Zealot  
  152  12:24  Archon  
  152  12:29  Zealot x3  
  149  12:35  Zealot x2  
  136  12:42  Phoenix  
  120  12:47  Stalker x2  
  116  12:55  Probe x2  
  116  12:56  Probe  
  117  13:03  Probe x2  
  118  13:08  Probe  
  118  13:12  Probe  
  119  13:14  Probe  
  119  13:37  High Templar x4  
  119  13:38  Zealot x2  
  131  13:42  Archon x2  
  131  13:43  Zealot  
  131  13:48  Probe x2  
  133  13:51  Probe  
  136  13:56  Probe  
  137  14:03  Probe  
  126  14:14  Zealot x4  

Tags
 
Add a new tag
Caveats
  • Supply blocks, unpowered buildings, or Contaminate may cause inaccurate times.
  • Supply counts are checked every 10 seconds.